 Dungeon Crawl Stone Soup version bcrawl-1.12-10-g10a67aac0f (webtiles) character file.

Game seed: 6121335212912196257

11 Engwar the Magician (level 2, -1/20 HPs)
             Began as an Oni Wizard on June 17, 2019.
             Slain by a gnoll
             ... wielding a +0 flail
              (10 damage)
             ... on level 1 of the Dungeon.
             The game lasted 00:03:17 (422 turns).

Engwar the Magician (Oni Wizard)                     Turns: 422, Time: 00:03:17

Health: -1/20      AC:  2    Str: 10    XL:     2   Next: 29%
Magic:  0/7        EV: 12    Int: 19    God:
Gold:   4          SH:  0    Dex:  9    Spells: 0/6 levels left

rFire    . . .     SeeInvis .   (no weapon)
rCold    . . .     Gourm    .   (no shield)
rNeg     . . .     Faith    .   a - +0 animal skin
rPois    .         Spirit   .   b - +0 hat
rElec    .         Reflect  .   (no cloak)
rCorr    .         Harm     .   (no gloves)
MR       .....                  (no boots)
Stlth    ++........             (no amulet)
HPRegen  0.06/turn              (no ring)
MPRegen  0.10/turn              (no ring)

@: no status effects
A: oni magic, claws 1, fangs 1, horns 1
a: no special abilities


You were on level 1 of the Dungeon.
You were not hungry.

You visited 1 branch of the dungeon, and saw 1 of its levels.

You collected 4 gold pieces.

Inventory:

Armour
 a - a +0 animal skin (worn)
 b - a +0 hat (worn)
Scrolls
 e - a scroll of fog {unknown}
Comestibles
 c - 2 chunks of flesh
 d - a ration {!d}


   Skills:
 - Level 1.7 Dodging
 - Level 1.7 Stealth
 + Level 2.6 Spellcasting


You couldn't memorise any spells.
You knew the following spells:

 Your Spells              Type           Power        Failure   Level  Hunger
a - Magic Dart            Conj           ##..         4%          1    None
b - Slow                  Hex            ##......     4%          1    None
c - Blink                 Tloc           N/A          7%          2    ##.....
d - Call Imp              Summ           ##......     7%          2    ##.....

Your spell library contained the following spells:

 Spells                   Type           Power        Failure   Level  Hunger
 Beastly Appendage        Tmut           ##....       4%          1    None
 Conjure Flame            Conj/Fire      ##......     16%         3    ###....
 Mephitic Cloud           Conj/Pois/Air  ##......     17%         3    ###....


Dungeon Overview and Level Annotations

Branches:
Dungeon (1/12)

Altars:


Innate Abilities, Weirdness & Mutations

You learn spells by gaining experience, not through books or religion.
You only train spellcasting to practice magic.
You have sharp fingernails.
You have very sharp teeth.
You have a pair of small horns on your head.


Message History

Aiming: Magic Dart (safe; 4% risk of failure)
Press: ? - help, Shift-Dir - straight line, f/p - gnoll
Aim: a gnoll, wielding a +0 flail (heavily wounded, slow)
The magic dart hits the gnoll.
The gnoll is severely wounded.
You barely miss the gnoll.
The gnoll is severely wounded.
Your crimson imp blinks!
A dart slug comes into view.
The gnoll hits you with a +0 flail.
Your crimson imp blinks!
Casting: Magic Dart (safe; 4% risk of failure)
Confirm with . or Enter, or press ? or * to list all spells.
You don't have enough magic to cast that spell.
Your crimson imp hits the gnoll but does no damage.
You scratch the gnoll but do no damage.
The gnoll is heavily wounded.
The gnoll hits you with a +0 flail!
Ouch! That really hurt!
You die...

#.........##..#.#.####..........
##...8.8.###..#.#...............
#.......# #..#.#.###.##.#.#....
############..#.#.# #.##÷#.#.###
#.............#.#.# #.##.#......
#.######........#.# #.##.#......
#.#.............#.# #.##.#......
#.######.#'##...#.###.##.#......
#..............@....#..#.#......
############..÷g..#.# #.#.#+##.
.....§....5###.# #+#+# +
..(............#
............#### ..........w.#
............# ................
................


You could see a gnoll, a dart slug and a friendly crimson imp.

Vanquished Creatures
  2 giant cockroaches (D:1)
  A goblin (D:1)
  A hobgoblin (D:1)
  2 jackals (D:1)
  A kobold (D:1)
  A bat (D:1)
  2 frilled lizards (D:1)
10 creatures vanquished.

Notes
Turn   | Place    | Note
-------+----------+-------------------------------------------
     0 | D:1      | Engwar the Oni Wizard began the quest for the Orb.
     0 | D:1      | Reached XP level 1. HP: 14/14 MP: 5/5
     2 | D:1      | Learned a level 1 spell: Slow
     8 | D:1      | Noticed a salamander
     8 | D:1      | Noticed a killer bee
     9 | D:1      | Noticed a polar bear
     9 | D:1      | Noticed a seven-headed hydra
   184 | D:1      | Reached XP level 2. HP: 20/20 MP: 2/7
   188 | D:1      | Learned a level 2 spell: Blink
   191 | D:1      | Learned a level 2 spell: Call Imp
   422 | D:1      | Slain by a gnoll

Action                   || total
-------------------------++-------
Melee: Unarmed           ||     9
       Headbutt          ||     1
 Cast: Magic Dart        ||    29
       Slow              ||     1
       Call Imp          ||     1
Armor: Animal skin       ||     6
Dodge: Dodged            ||    11
